 Dungeon Crawl Stone Soup version 0.24.0-125-gc4c63601f3 (console) character file.

Game seed: 7815429367960620332, levelgen mode: deterministic

7955 Kagalorn the Magician (level 11, -3/84 HPs)
             Began as a Gnoll Wanderer on Mar 5, 2020.
             Was an Initiate of Gozag.
             Slain by a spectral orc warrior
             ... wielding a +2 glaive of venom
             ... summoned by Nergalle
              (12 damage)
             ... on level 1 of the Lair of Beasts.
             The game lasted 00:50:39 (11751 turns).

Kagalorn the Magician (Gnoll Wanderer)             Turns: 11751, Time: 00:50:39

Health: -3/84      AC:  7    Str: 13    XL:     11   Next: 23%
Magic:  22/22      EV: 13    Int: 18    God:    Gozag
Gold:   1455       SH:  0    Dex: 16    Spells: 22/25 levels left

rFire    . . .     SeeInvis .   a - +4 scimitar (flame)
rCold    + + .     Gourm    .   (no shield)
rNeg     . . .     Faith    .   q - +0 ring mail
rPois    .         Spirit   .   t - +0 helmet
rElec    .         Reflect  .   E - scarf {rC+ rF+}
rCorr    +         Harm     .   (no gloves)
MR       .....                  (no boots)
Stlth    +++.......             C - amulet of the acrobat
HPRegen  0.24/turn              h - ring of resist corrosion
MPRegen  0.18/turn              y - ring of ice

@: very slightly contaminated, heavily drained
A: distributed training, fangs 1, strong nose
a: Potion Petition, Call Merchant, Bribe Branch, Renounce Religion


You were on level 1 of the Lair of Beasts.
You worshipped Gozag.
Gozag was most pleased with you.
You were not hungry.

You visited 3 branches of the dungeon, and saw 12 of its levels.
You also visited: Ossuary.

You collected 2268 gold pieces.
You spent 780 gold pieces at shops.
You paid 33 gold pieces to Gozag.

Inventory:

Hand Weapons
 a - a +4 scimitar of flaming (weapon)
 b - a +0 broad axe of electrocution
 w - a +0 war axe of electrocution
Missiles
 c - 3 throwing nets
 e - 8 javelins
 g - 91 bolts
 i - 23 poisoned darts (quivered)
 j - 275 stones
 z - 174 arrows
 I - 43 sling bullets
Armour
 q - a +0 ring mail (worn)
 t - a +0 helmet (worn)
 E - a scarf of resistance (worn)
Magical Staves
 M - an uncursed staff of cold
Jewellery
 h - a ring of resist corrosion (left hand)
 y - a ring of ice (right hand)
 C - an amulet of the acrobat (around neck)
Wands
 m - a wand of iceblast (13)
Scrolls
 k - 2 scrolls of magic mapping
 n - 9 scrolls of remove curse
 o - 3 scrolls of amnesia
 s - 7 scrolls of teleportation
 x - 2 scrolls of immolation
 B - 2 scrolls of enchant armour
 D - a scroll of fear
 J - a scroll of fog
 L - 3 scrolls of enchant weapon
Potions
 d - 8 potions of curing
 l - 3 potions of mutation
 p - 3 potions of cancellation
 r - 3 potions of invisibility
 u - a potion of magic
 v - 3 potions of might
 F - 2 potions of brilliance
 G - a potion of berserk rage
 H - a potion of agility
 N - a potion of lignification
 O - 2 potions of haste
 P - a potion of flight {unknown}
 Q - 3 potions of ambrosia
Comestibles
 f - 10 rations


   Skills:
 + Level 7.6(6.1) Fighting
 + Level 6.0(4.5) Short Blades
 + Level 6.6(5.1) Long Blades
 + Level 6.0(4.5) Axes
 + Level 6.0(4.5) Maces & Flails
 + Level 6.0(4.5) Polearms
 + Level 6.0(4.5) Staves
 + Level 6.0(4.5) Slings
 + Level 6.0(4.5) Bows
 + Level 6.0(4.5) Crossbows
 + Level 6.6(5.1) Throwing
 + Level 6.0(4.5) Armour
 + Level 6.6(5.1) Dodging
 + Level 7.4(5.8) Stealth
 + Level 6.0(4.5) Shields
 + Level 6.0(4.5) Unarmed Combat
 + Level 7.9(6.3) Spellcasting
 + Level 4.9(3.5) Conjurations
 + Level 4.9(3.5) Hexes
 + Level 4.9(3.5) Charms
 + Level 4.9(3.5) Summonings
 + Level 4.9(3.5) Necromancy
 + Level 4.9(3.5) Translocations
 + Level 4.9(3.5) Transmutations
 + Level 4.9(3.5) Fire Magic
 + Level 4.9(3.5) Ice Magic
 + Level 4.9(3.5) Air Magic
 + Level 4.9(3.5) Earth Magic
 + Level 5.4(4.0) Poison Magic
 + Level 6.5(5.0) Invocations
 + Level 6.0(4.5) Evocations


You had 22 spell levels left.
You knew the following spells:

 Your Spells              Type           Power        Failure   Level  Hunger
a - Spectral Weapon       Hex/Chrm       ###.....     16%         3    ##.....

Your spell library contained the following spells:

 Spells                   Type           Power        Failure   Level  Hunger
 Infusion                 Chrm           ###.         5%          1    None
 Shroud of Golubria       Chrm/Tloc      ###...       9%          2    None
 Song of Slaying          Chrm           ###.....     9%          2    None
 Regeneration             Chrm/Necr      ###.......   16%         3    ##.....


Dungeon Overview and Level Annotations

Branches:
Dungeon (10/15)            Temple (1/1) D:7            Lair (1/6) D:9
    Orc (0/2) D:9         Ossuary (visited)

Altars:
Ashenzari
Cheibriados
Dithmenos
Elyvilon
Fedhas
Gozag
Hepliaklqana
Kikubaaqudgha
Makhleb
Nemelex Xobeh
Okawaru
Qazlal
Ru
Sif Muna
Trog
Uskayaw
Vehumet
Wu Jian
Xom
Yredelemnul
Zin
The Shining One
Beogh

Shops:
D:4 !   D:6 %??*[

Annotations:
D:4 Grinder
D:8 Gastronok, Psyche
Lair:1 Nergalle


Innate Abilities, Weirdness & Mutations

Your experience applies equally to all skills.
You have very sharp teeth.
Your uncanny sense of smell can sniff out nearby items.


Message History

Nergalle gestures at you while chanting.
Orcish apparitions take form around you.
The spectral orc warrior completely misses you.
Evoke which item? (* to show all) (? for menu, Esc to quit)
Aiming: Iceblast
Press: ? - help, Shift-Dir - straight line, p - Nergalle The mass of ice explodes!
The iceblast engulfs Nergalle.
Nergalle is severely wounded.
The iceblast engulfs the spectral orc warrior!
The spectral orc warrior partially resists.
You destroy the spectral orc warrior!
The spectral orc knight hits you with a +3 great sword!
* * * LOW HITPOINT WARNING * * *
Evoke which item? (* to show all) (? for menu, Esc to quit)
Okay, then.
You feel better.
The spectral orc warrior barely misses you.
The spectral orc warrior hits you from afar with a +2 glaive of venom!
You die...
Your body crumbles into a pile of gold.

#....#####.#'##....
##....##......#.....
#......+.......#....
##.....#......##....
#.....#.......##....
##.....#......##.... #..
#Z...##'#######.... ....
#....##..####......
....#########.@Z...............
...............Z...............
...............................
.....[...o......!..............
.......(.......................
...##..####...................
##.# ##....#####..#..>... #.#
#....P# #.##.....# ... ....##


You could see Nergalle, 2 spectral orc warriors and a spectral orc knight.

Vanquished Creatures
  Harold (D:7)
  Erica (D:9)
  Pikel (D:8)
  Joseph (D:9)
  Maurice (D:7)
  A yak (D:8)
  3 hogs (D:8)
  Grum (D:7)
  A human (D:8)
  An orc warrior (D:9)
  An ice beast (D:8)
  A necrophage (D:5)
  A black bear (D:9)
  A phantom (D:6)
  4 wolves
  5 ogres
  5 centaurs
  2 crocodiles (Lair:1)
  7 bullfrogs
  A gnoll sergeant (D:6)
  4 water moccasin zombies (Ossuary)
  6 scorpions
  3 killer bees (D:9)
  11 wights
  A bullfrog zombie (D:8)
  4 crimson imps
  3 jellies
  7 orc priests
  2 centaur skeletons
  6 hounds
  3 iguanas
  4 orc wizards
  6 worker ants
  3 big kobold zombies (Ossuary)
  2 mummies (Ossuary)
  A worker ant zombie (D:7)
  2 gnolls (D:6)
  7 adders
  3 shadow imps
  5 adder zombies
  3 worms
  8 dart slugs
  2 leopard geckos (D:3)
  30 orcs
  4 giant cockroaches
  A gnoll zombie (Ossuary)
  10 goblins
  6 hobgoblins
  15 jackals
  3 kobolds (D:1)
  4 quokkas
  A ball python (D:1)
  A ball python skeleton (D:5)
  8 bats
  7 frilled lizards
  4 hobgoblin zombies (Ossuary)
  A jackal skeleton (D:5)
  4 kobold zombies (Ossuary)
  5 orc zombies (Ossuary)
  11 rats
251 creatures vanquished.

Vanquished Creatures (others)
  4 slaves (D:8)
  3 orc wizards (D:8)
  A hound skeleton (D:6)
  3 gnolls (D:6)
  5 orcs
  A rat (D:3)
17 creatures vanquished.

Grand Total: 268 creatures vanquished

Notes
Turn   | Place    | Note
-------+----------+-------------------------------------------
     0 | D:1      | Kagalorn the Gnoll Wanderer began the quest for the Orb.
     0 | D:1      | Kagalorn set off with the following items: a +2 dagger, a
                  | potion of heal wounds, a +0 falchion, a potion of curing, a
                  | +0 robe, a ration
     0 | D:1      | Reached XP level 1. HP: 20/20 MP: 6/6
   178 | D:1      | Reached XP level 2. HP: 26/26 MP: 7/7
   447 | D:1      | Reached XP level 3. HP: 31/31 MP: 9/9
   585 | D:1      | Reached skill level 5 in Spellcasting
   678 | D:2      | Reached skill level 1 in Invocations
   763 | D:2      | Found an opulent altar of Gozag.
   779 | D:2      | Reached skill level 1 in Short Blades
   779 | D:2      | Reached skill level 1 in Axes
   779 | D:2      | Reached skill level 1 in Maces & Flails
   779 | D:2      | Reached skill level 1 in Polearms
   779 | D:2      | Reached skill level 1 in Staves
   779 | D:2      | Reached skill level 1 in Slings
   779 | D:2      | Reached skill level 1 in Bows
   779 | D:2      | Reached skill level 1 in Crossbows
   779 | D:2      | Reached skill level 1 in Armour
   779 | D:2      | Reached skill level 1 in Shields
   779 | D:2      | Reached skill level 1 in Unarmed Combat
   779 | D:2      | Reached skill level 1 in Evocations
   822 | D:2      | Became a worshipper of Gozag Ym Sagoz the Greedy
   843 | D:2      | Reached XP level 4. HP: 35/38 MP: 11/11
   989 | D:2      | Found a blossoming altar of Fedhas.
  1151 | D:2      | Found an ornate altar of the Wu Jian Council.
  1548 | D:3      | Reached skill level 1 in Conjurations
  1548 | D:3      | Reached skill level 1 in Hexes
  1548 | D:3      | Reached skill level 1 in Charms
  1548 | D:3      | Reached skill level 1 in Summonings
  1548 | D:3      | Reached skill level 1 in Necromancy
  1548 | D:3      | Reached skill level 1 in Translocations
  1548 | D:3      | Reached skill level 1 in Transmutations
  1548 | D:3      | Reached skill level 1 in Fire Magic
  1548 | D:3      | Reached skill level 1 in Ice Magic
  1548 | D:3      | Reached skill level 1 in Air Magic
  1548 | D:3      | Reached skill level 1 in Earth Magic
  1719 | D:3      | Reached XP level 5. HP: 41/43 MP: 12/12
  2468 | D:4      | Noticed an ogre
  2468 | D:4      | Noticed an ogre
  2483 | D:4      | Killed an ogre
  2483 | D:4      | Reached XP level 6. HP: 35/50 MP: 13/13
  2502 | D:4      | Found Ocwuzauh's Distillery.
  2510 | D:4      | Bought a potion of mutation for 88 gold pieces
  2510 | D:4      | Bought a potion of degeneration for 11 gold pieces
  2510 | D:4      | Bought a potion of curing for 33 gold pieces
  2510 | D:4      | Bought a potion of might for 44 gold pieces
  2510 | D:4      | Bought a potion of cancellation for 88 gold pieces
  2510 | D:4      | Bought a potion of invisibility for 88 gold pieces
  2510 | D:4      | Bought a potion of berserk rage for 55 gold pieces
  2510 | D:4      | Bought a potion of agility for 44 gold pieces
  2946 | D:4      | Reached skill level 5 in Fighting
  3226 | D:4      | Noticed Grinder
  3258 | D:4      | Paralysed by Grinder for 3 turns
  3264 | D:5      | Entered Level 5 of the Dungeon
  3283 | D:5      | Reached XP level 7. HP: 35/56 MP: 15/15
  3477 | D:5      | Found an ancient bone altar of Kikubaaqudgha.
  4088 | D:6      | Found a radiant altar of Vehumet.
  4140 | D:6      | Reached skill level 5 in Stealth
  4203 | D:6      | Found Birch's Food Emporium.
  4570 | D:4      | Bought a potion of curing for 33 gold pieces
  4570 | D:4      | Bought 2 potions of curing for 66 gold pieces
  4570 | D:4      | Bought a potion of brilliance for 44 gold pieces
  4570 | D:4      | Bought a potion of cancellation for 88 gold pieces
  4570 | D:4      | Bought a potion of invisibility for 88 gold pieces
  4653 | D:6      | Found Fad Awie's Magic Scroll Shop.
  4710 | D:6      | Reached XP level 8. HP: 42/62 MP: 16/16
  5109 | D:6      | Found Loskia's General Store.
  5116 | D:6      | Found Orphyzom's Magic Scroll Emporium.
  5127 | D:6      | Bought a scroll of random uselessness for 10 gold pieces
  5232 | D:6      | Found Museg's Antique Armour Shoppe.
  5296 | D:7      | Found an iron altar of Okawaru.
  5401 | D:7      | Found a staircase to the Ecumenical Temple.
  5413 | Temple   | Entered the Ecumenical Temple
  5576 | D:7      | Found a sacrificial altar of Ru.
  5680 | D:7      | Reached XP level 9. HP: 68/68 MP: 18/18
  5834 | D:7      | Found a glowing silver altar of Zin.
  5907 | D:7      | Found a glowing golden altar of the Shining One.
  6195 | D:8      | Noticed Pikel
  6229 | D:8      | Killed Pikel
  6229 | D:8      | Reached skill level 5 in Long Blades
  6229 | D:8      | Reached skill level 5 in Throwing
  6229 | D:8      | Reached skill level 5 in Dodging
  6251 | D:8      | Noticed Maurice
  6270 | D:8      | Found a sand-covered staircase.
  6272 | D:8      | Noticed Gastronok
  6276 | Ossuary  | Entered an ossuary
  7202 | D:8      | Found a burning altar of Makhleb.
  7269 | D:8      | Noticed Harold
  7296 | D:8      | HP: 1/70 [hog (11)]
  7299 | D:8      | Reached skill level 5 in Invocations
  7306 | D:8      | HP: 3/71 [human/+0 hand axe (1)]
  7360 | D:9      | Found a shattered altar of Ashenzari.
  7360 | D:9      | Noticed Joseph
  7844 | D:7      | Killed Maurice
  7844 | D:7      | Reached XP level 10. HP: 73/77 MP: 20/20
  7863 | D:7      | Found an iron altar of Okawaru.
  7914 | D:7      | Found a glowing silver altar of Zin.
  7977 | D:7      | Found a glowing golden altar of the Shining One.
  8025 | D:7      | Found a staircase to the Ecumenical Temple.
  8055 | D:7      | Found a sacrificial altar of Ru.
  8309 | D:7      | Killed Harold
  8309 | D:7      | Reached skill level 5 in Short Blades
  8309 | D:7      | Reached skill level 5 in Axes
  8309 | D:7      | Reached skill level 5 in Maces & Flails
  8309 | D:7      | Reached skill level 5 in Polearms
  8309 | D:7      | Reached skill level 5 in Staves
  8309 | D:7      | Reached skill level 5 in Slings
  8309 | D:7      | Reached skill level 5 in Bows
  8309 | D:7      | Reached skill level 5 in Crossbows
  8309 | D:7      | Reached skill level 5 in Armour
  8309 | D:7      | Reached skill level 5 in Shields
  8309 | D:7      | Reached skill level 5 in Unarmed Combat
  8309 | D:7      | Reached skill level 5 in Evocations
  8536 | D:8      | Noticed Grum
  8772 | D:7      | Killed Grum
  9076 | D:8      | Found an ornate altar of the Wu Jian Council.
  9117 | D:8      | Noticed Psyche
  9533 | D:9      | Found a stormy altar of Qazlal.
  9587 | D:9      | Reached skill level 5 in Poison Magic
  9660 | D:9      | Noticed Erica
  9676 | D:9      | Killed Erica
  9725 | D:9      | Found a bloodstained altar of Trog.
  9746 | D:9      | Killed Joseph
  9759 | D:9      | Reached XP level 11. HP: 63/84 MP: 22/22
 10103 | D:9      | Found a shadowy altar of Dithmenos.
 10149 | D:9      | Found a staircase to the Orcish Mines.
 10162 | D:9      | Found a roughly hewn altar of Beogh.
 10208 | D:9      | Found a staircase to the Lair.
 10425 | D:10     | Entered Level 10 of the Dungeon
 10676 | D:10     | Learned a level 3 spell: Spectral Weapon
 11161 | D:10     | HP: 3/84 [something (10)]
 11497 | Lair:1   | Entered Level 1 of the Lair of Beasts
 11719 | Lair:1   | Noticed Nergalle
 11750 | Lair:1   | HP: 1/84 [spectral orc knight/+3 great sword[Nergalle] (9)]
 11751 | Lair:1   | Slain by a spectral orc warrior

Levels and vault maps discovered:
D:1:      minmay_arrival_semitransparent, layout_loops_ring
D:2:      layout_basic, lemuel_doored_altar, lemuel_round_altar,
          nicolae_gozag_seed_capital, minmay_pentomino_x2
D:3:      kennysheep_slugbush, layout_basic
D:4:      layout_loops_ring, serial_shops, shop, uniq_grinder
D:5:      layout_loops_ring, overflow_temple_1_default, first_ration
D:6:      layout_cave_pools, fiery_altar_vehumet, serial_shops, shop, shop,
          kennysheep_mini_moat, kennysheep_mini, shop
D:7:      layout_basic, marbit_many_paths, okawaru_metal_pillars_1_2,
          lemuel_crystal_altar, temple_green, hangedman_ru_absence
D:8:      layout_loops_ring, lemuel_round_altar, basic_altar,
          nicolae_ossuary_entry_monument, grunt_livestock, uniq_psyche,
          uniq_harold, uniq_maurice, uniq_grum, uniq_pikel, uniq_gastronok
D:9:      layout_rooms, bloody_trog, grunt_dithmenos_smoke_and_mirrors,
          grunt_qazlal_clouds, ashenzari_conservatory_becter,
          minmay_orc_entry_temple_small, uniq_erica, uniq_joseph
D:10:     layout_cave_pools
Temple:   nicolae_temple_figure_zero
Lair:1:   layout_regular_city, uniq_nergalle

Skill      XL: |  1  2  3  4  5  6  7  8  9 10 11 |
---------------+----------------------------------+-----
Poison Magic   | 2 3 4 5 |  5.4
Spellcasting   | 5 6 7 |  7.9
Invocations    | 1 2 3 4 5 6 |  6.5
Short Blades   | 1 2 3 4 5 6 |  6.0
Axes           | 1 2 3 4 5 6 |  6.0
Maces & Flails | 1 2 3 4 5 6 |  6.0
Polearms       | 1 2 3 4 5 6 |  6.0
Staves         | 1 2 3 4 5 6 |  6.0
Slings         | 1 2 3 4 5 6 |  6.0
Bows           | 1 2 3 4 5 6 |  6.0
Crossbows      | 1 2 3 4 5 6 |  6.0
Armour         | 1 2 3 4 5 6 |  6.0
Shields        | 1 2 3 4 5 6 |  6.0
Unarmed Combat | 1 2 3 4 5 6 |  6.0
Evocations     | 1 2 3 4 5 6 |  6.0
Conjurations   | 1 2 3 4 |  4.9
Hexes          | 1 2 3 4 |  4.9
Charms         | 1 2 3 4 |  4.9
Summonings     | 1 2 3 4 |  4.9
Necromancy     | 1 2 3 4 |  4.9
Translocations | 1 2 3 4 |  4.9
Transmutations | 1 2 3 4 |  4.9
Fire Magic     | 1 2 3 4 |  4.9
Ice Magic      | 1 2 3 4 |  4.9
Air Magic      | 1 2 3 4 |  4.9
Earth Magic    | 1 2 3 4 |  4.9
Long Blades    | 3 4 5 6 |  6.6
Throwing       | 3 4 5 6 |  6.6
Dodging        | 3 4 5 6 |  6.6
Fighting       | 5 6 7 |  7.6
Stealth        | 5 6 7 |  7.4

Action                   |  1- 3 |  4- 6 |  7- 9 | 10-12 || total
-------------------------+-------+-------+-------+-------++-------
Melee: Falchion          |    84 |   204 |    49 |       ||   337
       Bite              |     7 |    30 |    40 |    33 ||   110
       Dagger            |       |     2 |       |       ||     2
       Punch             |       |     4 |     8 |    11 ||    23
       Hand axe          |       |       |    94 |       ||    94
       Broad axe         |       |       |   199 |   116 ||   315
       Scimitar          |       |       |       |   147 ||   147
Throw: Stone             |       |     1 |     4 |       ||     5
       Dart              |       |       |    31 |    18 ||    49
 Cast: Spectral Weapon   |       |       |       |     1 ||     1
Evoke: Wand              |       |       |       |     2 ||     2
  Use: Scroll            |       |     2 |    18 |     4 ||    24
       Potion            |       |       |     1 |     3 ||     4
 Stab: Sleeping          |    12 |     8 |    12 |     3 ||    35
       Distracted        |       |     1 |     1 |     3 ||     5
  Eat: Ration            |       |     2 |     5 |     4 ||    11
Armor: Robe              |     7 |       |       |       ||     7
       Ring mail         |    21 |    57 |    98 |    78 ||   254
       Skin              |       |       |       |    24 ||    24
Dodge: Dodged            |    55 |   135 |   268 |   224 ||   682
       Rpst.: Falchion   |    20 |    46 |    13 |       ||    79
       Scimitar          |       |       |       |    29 ||    29
